 Dungeon Crawl Stone Soup version 0.29.1-12-g30fa7ad0bf (webtiles) character file.

Game seed: 15974992456424817320

240 Jushak the Trooper (level 6, -5/62 HPs)
             Began as an Ogre Hedge Wizard on Jan 9, 2023.
             Slain by Duvessa
             ... wielding a +0 rapier
              (8 damage)
             ... on level 4 of the Dungeon.
             The game lasted 00:29:05 (6502 turns).

Jushak the Trooper (Ogre Hedge Wizard)              Turns: 6502, Time: 00:29:06

Health: -5/62      AC:  3    Str: 17    XL:     6   Next: 8%
Magic:  12/12      EV: 13    Int: 15    God:
Gold:   179        SH:  0    Dex:  8    Spells: 10/13 levels left

rFire   . . .      SeeInvis .   k - +0 mace
rCold   . . .      Faith    .   (no shield)
rNeg    . . .      Spirit   .   b - +0 robe
rPois   .          Reflect  .   c - +0 hat
rElec   .          Harm     .   (no cloak)
rCorr   .          Rampage  .   (gloves unavailable)
Will    .....                   (boots unavailable)
Stlth   +.........              (no amulet)
HPRegen 0.20/turn               e - +4 ring of evasion
MPRegen 0.13/turn               (no ring)

@: hasted, very quick
A: large, unfitting armour, tough skin 1
a: no special abilities


You were on level 4 of the Dungeon.
You visited 1 branch of the dungeon, and saw 4 of its levels.
You also visited: Sewer.

You collected 179 gold pieces.

Inventory:

Hand Weapons
 a - a +0 dagger
 f - a +0 club
 k - a +0 mace (weapon)
Missiles
 h - 6 atropa-tipped darts
 j - 3 poisoned darts
Armour
 b - a +0 robe (worn)
 c - a +0 hat (worn)
Magical Staves
 i - a staff of cold
Jewellery
 e - a +4 ring of evasion (left hand)
 m - a ring of flight
 u - a +4 ring of evasion
Scrolls
 l - a scroll of poison {unknown}
 q - a scroll of teleportation {unknown}
 v - a scroll of identify {unknown}
 w - a scroll of silence {unknown}
Potions
 d - a potion of magic
 g - 2 potions of haste
 n - a potion of curing {unknown}
 o - a potion of cancellation {unknown}
 p - a potion of heal wounds {unknown}
 r - 2 potions of resistance {unknown}
 s - a potion of degeneration {unknown}
 t - a potion of brilliance {unknown}


   Skills:
 + Level 4.2 Fighting
 * Level 3.8 Maces & Flails
 - Level 1.7 Dodging
 - Level 1.4 Stealth
 - Level 4.0 Spellcasting
 + Level 1.1 Conjurations
 - Level 0.8 Summonings
 - Level 0.8 Translocations


You had 10 spell levels left.
You knew the following spells:

 Your Spells              Type           Power      Damage    Failure   Level
a - Magic Dart            Conj           24%        1d4       12%         1
b - Blink                 Tloc           10%        N/A       19%         2

Your spell library contained the following spells:

 Spells                   Type           Power      Damage    Failure   Level
 Slow                     Hex            12%        N/A       19%         1
 Call Imp                 Summ           5%         N/A       19%         2
 Conjure Flame            Conj/Fire      4%         6-21      41%         3
 Dazzling Flash           Conj/Hex       8%         N/A       41%         3
 Mephitic Cloud           Conj/Pois/Air  4%         N/A       43%         3
 Iskenderun's Mystic Bla  Conj/Tloc      5%         2d3       77%         4
 Starburst                Conj/Fire      2%         6d3       100%        6


Dungeon Overview and Level Annotations

Branches:
Dungeon (4/15)              Sewer (visited)
 Temple: D:4-7

Altars:
Vehumet

Shops:
D:2 =

Annotations:
D:4 Duvessa, Eustachio


Innate Abilities, Weirdness & Mutations

You are too large for most types of armour.
You have tough skin. (AC +1)


Message History

Press: ? - help, Shift-Dir - straight line, f/p - adder
Aim: an adder (almost dead, 100% to hit)
The magic dart hits the adder.
You kill the adder!
You start resting.
Your magical contamination has completely faded away.
You start resting.
Magic restored.
Found a chain mail.
Found a scroll labelled JEISAN PONORUU.
w - a scroll labelled JEISAN PONORUU
Found a radiant altar of Vehumet.
You open the door.
There is an open door here.
There is an open door here.
You open the door.
There is an open door here.
Duvessa, Sister of Dowan comes into view.
She is wielding a +0 rapier.
Duvessa shouts!
There is an open door here.
Duvessa attacks as you move away! Duvessa hits you with a +0 rapier!
Duvessa attacks as you move away! Duvessa hits you with a +0 rapier!
Duvessa attacks as you move away! Duvessa hits you with a +0 rapier.
Duvessa attacks as you move away! Duvessa hits you but does no damage.
Duvessa attacks as you move away! Duvessa closely misses you.
Duvessa attacks as you move away! Duvessa hits you with a +0 rapier.
Duvessa attacks as you move away! Duvessa hits you with a +0 rapier!
Duvessa attacks as you move away! Duvessa hits you with a +0 rapier!
Duvessa attacks as you move away! Duvessa misses you.
Duvessa attacks as you move away! Duvessa misses you.
Duvessa attacks as you move away! Duvessa hits you with a +0 rapier!
* * * LOW HITPOINT WARNING * * *
Duvessa attacks as you move away! Duvessa hits you with a +0 rapier!
* * * LOW HITPOINT WARNING * * *
Duvessa attacks as you move away! Duvessa hits you with a +0 rapier.
* * * LOW HITPOINT WARNING * * *
Okay, then.
It was a potion of haste.
You feel yourself speed up. Duvessa hits you with a +0 rapier!
You die...

#..................
#....................#
#....................#
#....................#.
#....................#.
#....................#.
#....................#.
#....................#
#.....@..............#
######e..............#
#...............##
#.................
#.................
#.................
######.................
#......................
#...................o##


You could see Duvessa.

Vanquished Creatures
  2 jellies (Sewer)
  5 adders
  2 river rats (Sewer)
  3 worms
  2 dart slugs
  5 orcs
  5 bats
  17 endoplasms
  4 giant cockroaches
  9 goblins
  8 hobgoblins
  2 jackals (D:1)
  8 kobolds
  3 quokkas (D:1)
  13 ball pythons
  4 frilled lizards
92 creatures vanquished.

Vanquished Creatures (others)
  8 plants (D:1)
8 creatures vanquished.

Grand Total: 100 creatures vanquished

Notes
Turn   | Place    | Note
-------+----------+-------------------------------------------
     0 | D:1      | Jushak the Ogre Hedge Wizard began the quest for the Orb.
     0 | D:1      | Reached XP level 1. HP: 16/16 MP: 5/5
    21 | D:1      | Reached skill level 1 in Fighting
   420 | D:1      | Reached XP level 2. HP: 23/28 MP: 6/6
   786 | D:1      | Reached skill level 1 in Maces & Flails
  1084 | D:1      | Reached XP level 3. HP: 28/36 MP: 8/8
  2570 | D:2      | Reached XP level 4. HP: 44/45 MP: 9/9
  2579 | D:2      | Found Faegum's Jewellery Boutique.
  3909 | D:3      | Found a glowing drain.
  4250 | Sewer    | Entered a sewer
  4615 | Sewer    | Reached XP level 5. HP: 50/53 MP: 10/10
  5005 | Sewer    | Found a viscous altar of Jiyva.
  5358 | D:3      | Learned a level 2 spell: Blink
  5882 | D:4      | Reached skill level 1 in Conjurations
  5888 | D:3      | Reached XP level 6. HP: 62/62 MP: 7/12
  6001 | D:4      | Noticed Eustachio
  6371 | D:4      | Found a radiant altar of Vehumet.
  6459 | D:4      | Noticed Duvessa
  6497 | D:4      | HP: 2/62 [Duvessa/+0 rapier (5)]
  6502 | D:4      | Slain by Duvessa

Illustrated notes

Levels and vault maps discovered:
D:1:      eino_arrival_water_cross, layout_loops_cross
D:2:      layout_basic, serial_shops, nicolae_shop_hallway_plus
D:3:      layout_rooms, cheibrodos_sewer_entry_sluice
D:4:      layout_gridville, fedhas_altar_3, vehumet_crystals, lemuel_tele_altar,
          gammafunk_ghost_split, kennysheep_another_room,
          hangedman_feature_mirror, uniq_duvessa, uniq_eustachio

Skill      XL: |  1  2  3  4  5 |
---------------+----------------+-----
Fighting       | 2 3 4 |  4.2
Maces & Flails | 1 2 3 |  3.8
Spellcasting   | 4 |  4.0
Conjurations   | 1 |  1.1
Dodging        | |  1.7
Stealth        | |  1.4
Summonings     | |  0.8
Translocations | |  0.8

Action                   |  1- 3 |  4- 6 || total
-------------------------+-------+-------++-------
Melee: Dagger            |    20 |       ||    20
       Club              |   161 |    60 ||   221
       Punch             |     1 |     2 ||     3
       Mace              |       |   130 ||   130
 Cast: Magic Dart        |       |   112 ||   112
  Use: Potion            |       |     1 ||     1
 Stab: Sleeping          |     6 |     2 ||     8
Armor: Robe              |    62 |    51 ||   113
Dodge: Dodged            |    92 |   149 ||   241
